BSA
GREENVILLE 84S @ VISTA PANTHERS
06/22/2024
 
TOP OF THE 1ST
Greenville 84s batting - Pitching for Vista Panthers : RHP Jesse Green
Pitching: RHP Jesse Green
Batting: RHB Carlos Torres 0-0: Called Strike
0-1: Ball
1-1: Swinging Strike
1-2: Strikes out swinging
Batting: LHB Chris Moore 0-0: Foul Ball, location: 2F
0-1: Called Strike
0-2: Ground out 3-1 (Groundball, 34)
Batting: RHB Enzo Díaz 0-0: Ball
1-0: Ball
2-0: Called Strike
2-1: Foul Ball, location: 2F
2-2: Ball
3-2: Fly out, F9 (Flyball, 89S)
Top of the 1st over - 0 run(s), 0 hit(s), 0 error(s), 0 left on base; Greenville 0 - Vista 0
BOTTOM OF THE 1ST
Vista Panthers batting - Pitching for Greenville 84s : LHP Eduardo Trujillo
Pitching: LHP Eduardo Trujillo
Batting: RHB John Mendelson 0-0: Foul Ball, location: 2F
0-1: Ball
1-1: Ground out 6-3 (Groundball, 6M)
Batting: RHB Wilson López 0-0: Ball
1-0: SINGLE (Groundball, 5L)
Batting: RHB Roberto Cruz 0-0: Called Strike
0-1: Ball
1-1: Foul Ball, location: 2F
1-2: SINGLE (Groundball, 6MD)
Wilson López to second
Runner from 2nd tries for 3rd, OUT!
Roberto Cruz to second
Batting: LHB Pablo Rivas 0-0: Called Strike
0-1: Ground out 6-3 (Groundball, 6)
Bottom of the 1st over - 0 run(s), 2 hit(s), 0 error(s), 1 left on base; Greenville 0 - Vista 0
TOP OF THE 2ND
Greenville 84s batting - Pitching for Vista Panthers : RHP Jesse Green
Batting: LHB Jimmy Vickers 0-0: Ball
1-0: Foul Ball, location: 2F
1-1: Ground out 6-3 (Groundball, 6M)
Batting: LHB Paco Rosas 0-0: Called Strike
0-1: Foul Ball, location: 2F
0-2: Fly out, F7 (Flyball, 7LM)
Batting: LHB Kiyonaga Morita 0-0: Ball
1-0: Ball
2-0: Foul Ball, location: 2F
2-1: Swinging Strike
2-2: Ground out 4-3 (Groundball, 34)
Top of the 2nd over - 0 run(s), 0 hit(s), 0 error(s), 0 left on base; Greenville 0 - Vista 0
BOTTOM OF THE 2ND
Vista Panthers batting - Pitching for Greenville 84s : LHP Eduardo Trujillo
Batting: SHB Juan Gómez 0-0: Ball
1-0: Foul Ball, location: 2F
1-1: Foul Ball, location: 2F
1-2: Ball
2-2: Strikes out swinging
Batting: LHB Harry Pitts 0-0: Called Strike
0-1: Called Strike
0-2: Ball
1-2: Strikes out swinging
Batting: RHB Danny Crouch 0-0: Called Strike
0-1: Foul Ball, location: 2F
0-2: Strikes out swinging
Bottom of the 2nd over - 0 run(s), 0 hit(s), 0 error(s), 0 left on base; Greenville 0 - Vista 0
TOP OF THE 3RD
Greenville 84s batting - Pitching for Vista Panthers : RHP Jesse Green
Batting: RHB Greg Handrahan 0-0: Ball
1-0: Ball
2-0: Ground out 5-3 (Groundball, 56S)
Batting: LHB Al Mills 0-0: Ball
1-0: Called Strike
1-1: Foul Ball, location: 2F
1-2: Foul Ball, location: 2F
1-2: Reached on error, E4 (Groundball, 34)
Batting: LHB Mario Cornelo 0-0: Ball
1-0: Called Strike
1-1: Swinging Strike
1-2: Strikes out swinging
Batting: RHB Carlos Torres 0-0: Ball
1-0: Ball
2-0: Ball
3-0: Base on Balls
Batting: LHB Chris Moore 0-0: Ball
1-0: Ball
2-0: Called Strike
2-1: Ball
3-1: Swinging Strike
3-2: SINGLE (Line Drive, 6MD)
Al Mills to third
Carlos Torres to second
Al Mills scores
Carlos Torres to third
Batting: RHB Enzo Díaz 0-0: Foul Ball, location: 2F
0-1: Ball
1-1: Swinging Strike
1-2: Fly out, F6 (Popup, 6MD)
Top of the 3rd over - 1 run(s), 1 hit(s), 1 error(s), 2 left on base; Greenville 1 - Vista 0
BOTTOM OF THE 3RD
Vista Panthers batting - Pitching for Greenville 84s : LHP Eduardo Trujillo
Batting: RHB Javier Deleón 0-0: Foul Ball, location: 2F
0-1: Foul Ball, location: 2F
0-2: Strikes out looking
Batting: RHB Rob Bailey 0-0: Ball
1-0: Ball
2-0: Foul Ball, location: 2F
2-1: Fly out, F8 (Line Drive, 8RM)
Batting: RHB John Mendelson 0-0: Ball
1-0: SINGLE (Groundball, 56)
Batting: RHB Wilson López 0-0: Called Strike
0-1: Fielders Choice at 2nd, U6 (Groundball, 6M)
Bottom of the 3rd over - 0 run(s), 1 hit(s), 0 error(s), 1 left on base; Greenville 1 - Vista 0
TOP OF THE 4TH
Greenville 84s batting - Pitching for Vista Panthers : RHP Jesse Green
Batting: LHB Jimmy Vickers 0-0: Called Strike
0-1: Swinging Strike
0-2: Foul Ball, location: 2F
0-2: SINGLE (Line Drive, 89S)
Batting: LHB Paco Rosas 0-0: Called Strike
0-1: Ball
1-1: Fielders Choice at 2nd, 6-4 (Groundball, 6M)
Batting: LHB Kiyonaga Morita Balk!
Paco Rosas to second
0-0: Ball
1-0: Foul Ball, location: 2F
1-1: Fly out, F7 (Flyball, 78D)
Batting: RHB Greg Handrahan 0-0: Ball
1-0: 2-RUN HOME RUN (Flyball, 89XD), Distance : 420 ft
Batting: LHB Al Mills 0-0: Ball
1-0: Called Strike
1-1: Foul Ball, location: 2F
1-2: Foul Ball, location: 2F
1-2: SINGLE (Groundball, 34D)
Batting: LHB Mario Cornelo 0-0: Called Strike
0-1: Fly out, F8 (Flyball, 8RM)
Top of the 4th over - 2 run(s), 3 hit(s), 0 error(s), 1 left on base; Greenville 3 - Vista 0
BOTTOM OF THE 4TH
Vista Panthers batting - Pitching for Greenville 84s : LHP Eduardo Trujillo
Batting: RHB Roberto Cruz 0-0: DOUBLE (Line Drive, 8LXD)
Batting: LHB Pablo Rivas 0-0: SINGLE (Flyball, 89S)
Roberto Cruz to third
Runner from 3rd tries for Home, SAFE, throw made home
Pablo Rivas to second
Batting: SHB Juan Gómez 0-0: Called Strike
0-1: Swinging Strike
0-2: Ball
1-2: Ball
2-2: Strikes out swinging
Batting: LHB Harry Pitts 0-0: Ball
1-0: Foul Ball, location: 2F
1-1: Called Strike
1-2: Ground out 4-3 (Groundball, 4)
Pablo Rivas to third
Batting: RHB Danny Crouch 0-0: Ball
1-0: Ball
2-0: Ball
3-0: Ground out 6-3 (Groundball, 6M)
Bottom of the 4th over - 1 run(s), 2 hit(s), 0 error(s), 1 left on base; Greenville 3 - Vista 1
TOP OF THE 5TH
Greenville 84s batting - Pitching for Vista Panthers : RHP Jesse Green
Batting: RHB Carlos Torres 0-0: Called Strike
0-1: Ball
1-1: Foul Ball, location: 2F
1-2: SINGLE (Groundball, 56D)
Batting: LHB Chris Moore 0-0: Called Strike
0-1: Ball
1-1: Grounds into double play, 4-6-3 (Groundball, 4)
Batting: RHB Enzo Díaz 0-0: Foul Ball, location: 2F
0-1: Foul Ball, location: 2F
0-2: Foul Ball, location: 2F
0-2: SINGLE (Line Drive, 4M)
Batting: LHB Jimmy Vickers 0-0: Ball
Enzo Díaz is caught stealing 2nd base
Top of the 5th over - 0 run(s), 2 hit(s), 0 error(s), 0 left on base; Greenville 3 - Vista 1
BOTTOM OF THE 5TH
Vista Panthers batting - Pitching for Greenville 84s : LHP Eduardo Trujillo
Batting: RHB Javier Deleón 0-0: Called Strike
0-1: Ball
1-1: Called Strike
1-2: Foul Ball, location: 2F
1-2: Ball
2-2: Foul Ball, location: 2F
2-2: Ground out 3-1 (Groundball, 34S)
Batting: RHB Rob Bailey 0-0: Fly out, F8 (Flyball, 8LS)
Batting: RHB John Mendelson 0-0: Called Strike
0-1: SINGLE (Groundball, 5D)
Batting: RHB Wilson López 0-0: Ball
1-0: Called Strike
1-1: Fly out, F8 (Flyball, 8LD)
Bottom of the 5th over - 0 run(s), 1 hit(s), 0 error(s), 1 left on base; Greenville 3 - Vista 1
TOP OF THE 6TH
Greenville 84s batting - Pitching for Vista Panthers : RHP Jesse Green
Batting: LHB Jimmy Vickers 0-0: Called Strike
0-1: SOLO HOME RUN (Flyball, 9LD), Distance : 332 ft
Batting: LHB Paco Rosas 0-0: Ground out 1-3 (Groundball, 13S)
Batting: LHB Kiyonaga Morita 0-0: Swinging Strike
0-1: Ground out 5-3 (Groundball, 5)
Batting: RHB Greg Handrahan 0-0: Foul Ball, location: 2F
0-1: Ball
1-1: Swinging Strike
1-2: Ball
2-2: Strikes out looking
Top of the 6th over - 1 run(s), 1 hit(s), 0 error(s), 0 left on base; Greenville 4 - Vista 1
BOTTOM OF THE 6TH
Vista Panthers batting - Pitching for Greenville 84s : LHP Eduardo Trujillo
Batting: RHB Roberto Cruz 0-0: Ball
1-0: Ball
2-0: Ground out 5-3 (Groundball, 56)
Batting: LHB Pablo Rivas 0-0: Called Strike
0-1: Swinging Strike
0-2: Ball
1-2: Foul Ball, location: 2F
1-2: Ball
2-2: Strikes out looking
Batting: SHB Juan Gómez 0-0: Called Strike
0-1: Foul Ball, location: 2F
0-2: Ball
1-2: Ball
2-2: Ball
3-2: Ground out 5-3 (Groundball, 5L)
Bottom of the 6th over - 0 run(s), 0 hit(s), 0 error(s), 0 left on base; Greenville 4 - Vista 1
TOP OF THE 7TH
Greenville 84s batting - Pitching for Vista Panthers : RHP Jesse Green
Batting: LHB Al Mills 0-0: Ball
1-0: Swinging Strike
1-1: Ball
2-1: Swinging Strike
2-2: Strikes out swinging
Batting: LHB Mario Cornelo 0-0: Foul Ball, location: 2F
0-1: Ball
1-1: Called Strike
1-2: Foul Ball, location: 2F
1-2: Ball
2-2: Ball
3-2: Ground out 4-3 (Groundball, 4M)
Batting: RHB Carlos Torres 0-0: Foul Ball, location: 2F
0-1: Ball
1-1: Ball
2-1: Ground out U3 (Groundball, 3L)
Top of the 7th over - 0 run(s), 0 hit(s), 0 error(s), 0 left on base; Greenville 4 - Vista 1
BOTTOM OF THE 7TH
Vista Panthers batting - Pitching for Greenville 84s : LHP Eduardo Trujillo
Batting: LHB Harry Pitts 0-0: Called Strike
0-1: Ball
1-1: Swinging Strike
1-2: Strikes out swinging
Pitching: LHP Manuel Herrera
Batting: RHB Danny Crouch 0-0: Called Strike
0-1: Called Strike
0-2: Foul Ball, location: 2F
0-2: Ball
1-2: SINGLE (Line Drive, 89S)
Batting: RHB Javier Deleón 0-0: Called Strike
0-1: Ball
1-1: Grounds into double play, U6-3 (Groundball, 6M)
Bottom of the 7th over - 0 run(s), 1 hit(s), 0 error(s), 0 left on base; Greenville 4 - Vista 1
TOP OF THE 8TH
Greenville 84s batting - Pitching for Vista Panthers : RHP Jesse Green
Pitching: LHP Manuel Parra
Batting: LHB Chris Moore 0-0: SOLO HOME RUN (Flyball, 7LD), Distance : 396 ft
Batting: RHB Enzo Díaz 0-0: Ball
1-0: Foul Ball, location: 2F
1-1: Ground out 6-3 (Groundball, 4M)
Batting: LHB Jimmy Vickers 0-0: Foul Ball, location: 2F
0-1: Fly out, F8 (Flyball, 8LXD)
Batting: LHB Paco Rosas 0-0: Ball
1-0: Ground out 4-3 (Groundball, 34)
Top of the 8th over - 1 run(s), 1 hit(s), 0 error(s), 0 left on base; Greenville 5 - Vista 1
BOTTOM OF THE 8TH
Vista Panthers batting - Pitching for Greenville 84s : LHP Manuel Herrera
Batting: RHB Rob Bailey 0-0: Called Strike
0-1: Ball
1-1: Fly out, F8 (Flyball, 89M)
Batting: RHB John Mendelson 0-0: Called Strike
0-1: Ball
1-1: Ball
2-1: Ball
3-1: Swinging Strike
3-2: Strikes out looking
Batting: RHB Wilson López 0-0: Ground out 6-3 (Groundball, 6)
Bottom of the 8th over - 0 run(s), 0 hit(s), 0 error(s), 0 left on base; Greenville 5 - Vista 1
TOP OF THE 9TH
Greenville 84s batting - Pitching for Vista Panthers : LHP Manuel Parra
Batting: LHB Kiyonaga Morita 0-0: Called Strike
0-1: Ball
1-1: Swinging Strike
1-2: Strikes out swinging
Batting: RHB Greg Handrahan 0-0: Called Strike
0-1: SINGLE (Groundball, 6MD)
Batting: LHB Al Mills 0-0: Ball
1-0: Foul Ball, location: 2F
1-1: Ball
2-1: Ground out 4-3 (Groundball, 4S)
Greg Handrahan to second
Batting: LHB Mario Cornelo 0-0: SINGLE (Line Drive, 7S)
Greg Handrahan to third
Runner from 3rd tries for Home, SAFE, no throw or cutoff
Batting: RHB Carlos Torres 0-0: Fly out, F7 (Flyball, 7S)
Top of the 9th over - 1 run(s), 2 hit(s), 0 error(s), 1 left on base; Greenville 6 - Vista 1
BOTTOM OF THE 9TH
Vista Panthers batting - Pitching for Greenville 84s : LHP Manuel Herrera
Batting: RHB Roberto Cruz 0-0: Called Strike
0-1: Called Strike
0-2: Strikes out swinging
Batting: LHB Pablo Rivas 0-0: Swinging Strike
0-1: Ball
1-1: Foul Ball, location: 2F
1-2: Strikes out looking
Batting: SHB Juan Gómez 0-0: Swinging Strike
0-1: Ball
1-1: Ball
2-1: Ball
3-1: Called Strike
3-2: Base on Balls
Batting: LHB Harry Pitts 0-0: Ball
1-0: Ball
2-0: Foul Ball, location: 2F
2-1: Foul Ball, location: 2F
2-2: Ball
3-2: Strikes out swinging
Bottom of the 9th over - 0 run(s), 0 hit(s), 0 error(s), 1 left on base; Greenville 6 - Vista 1
This league is powered by Out of the Park Baseball, the baseball management simulation game for PC, Mac and Linux
Saturday, April 9th, 2016 - OOTP Baseball 16.8 Build 38